 Dungeon Crawl Stone Soup version 0.30-a0-269-gf0224bf7b6 (webtiles) character file.

Game seed: 10530670308381708237

519 ReploidZero the Shooter (level 7, 0/44 HPs)
             Began as a Tengu Hunter on Oct 14, 2022.
             Killed by nerve-wracking pain
             ... invoked by an orc priest
              (11 damage)
             ... on level 5 of the Dungeon on Oct 15, 2022.
             The game lasted 00:08:30 (3838 turns).

ReploidZero the Shooter (Tengu Hunter)              Turns: 3838, Time: 00:08:31

Health: 0/44       AC:  5    Str: 11    XL:     7   Next: 21%
Magic:  8/8        EV: 17    Int:  9    God:
Gold:   269        SH:  0    Dex: 20    Spells: 4/6 levels left

rFire   . . .      SeeInvis .    a - +0 shortbow
rCold   + . .      Faith    .    (shield currently unavailable)
rNeg    . . .      Spirit   .    c - +0 leather armour
rPois   .          Reflect  .    (helmet restricted)
rElec   .          Harm     .    q - +1 cloak
rCorr   .          Rampage  .    (no gloves)
Will    .....                    (boots unavailable)
Stlth   ++........               l - amulet of magic regeneration
HPRegen 0.27/turn                p - ring of protection from cold
MPRegen 0.51/turn                g - ring of wizardry

@: flying quickly and evasively, quick
A: beak, talons 3, nimble flight
a: no special abilities


You were on level 5 of the Dungeon.
You visited 1 branch of the dungeon, and saw 5 of its levels.
You also visited: Sewer.

You collected 269 gold pieces.

Inventory:

Hand Weapons
 a - a +0 shortbow (weapon)
 j - a +2 falchion of protection
Missiles
 f - a throwing net
Armour
 c - a +0 leather armour (worn)
 q - a +1 cloak (worn)
Jewellery
 g - a ring of wizardry (right hand)
 i - an amulet of faith
 l - an amulet of magic regeneration (around neck)
 p - a ring of protection from cold (left hand)
 r - a ring of flight
Scrolls
 b - 2 scrolls of immolation
 k - 4 scrolls of blinking
Potions
 d - 3 potions of heal wounds {unknown}
 e - a potion of mutation {unknown}
 h - 4 potions of curing {unknown}
 n - a potion of degeneration {unknown}
 o - 2 potions of ambrosia {unknown}
 s - 3 potions of cancellation {unknown}
 t - a potion of haste {unknown}
 u - a potion of might {unknown}
 v - a potion of brilliance {unknown}
 w - a potion of lignification {unknown}


   Skills:
 + Level 4.4 Fighting
 + Level 6.2 Ranged Weapons
 + Level 4.9 Dodging
 - Level 2.5 Stealth


You had 4 spell levels left.
You knew the following spells:

 Your Spells              Type           Power      Damage    Failure   Level
a - Blink                 Tloc           0%         N/A       32%         2

Your spell library contained the following spells:

 Spells                   Type           Power      Damage    Failure   Level
 Manifold Assault         Tloc           0%         N/A       88%         4
 Storm Form               Tmut/Air       0%         N/A       100%        7


Dungeon Overview and Level Annotations

Branches:
Dungeon (5/15)              Sewer (visited)
 Temple: D:4-7

Altars:
Ashenzari
Dithmenos
Hepliaklqana
Kikubaaqudgha
Qazlal
Xom
Yredelemnul

Annotations:
D:5 Dowan, Duvessa


Innate Abilities, Weirdness & Mutations

You have a beak for a mouth.
You have claws for feet.
Your magical nature lets you fly swiftly and evasively.


Message History

You kill the phase bat!
You hear a shout!
A megabat comes into view.
You shoot an arrow. The arrow hits the megabat!
You kill the megabat!
An orc comes into view. It is wielding a +0 club.
A rotten bat comes into view.
You shoot an arrow. The arrow hits the orc.
The orc is almost dead.
You hear a shout! x2
A ghost-faced bat comes into view.
An orc priest comes into view. It is wielding a +0 mace.
You hear an angry hiss.
You shoot an arrow. The arrow hits the orc priest.
The orc priest is moderately wounded.
A skeletal bat comes into view.
The orc priest invokes the aid of Beogh against you.
Beogh smites you!
The skeletal bat moves out of view.
You shoot an arrow. The arrow hits the orc priest!
The orc priest is severely wounded.
An iguana comes into view.
You shoot an arrow. The arrow barely misses the orc priest.
The orc priest invokes the aid of Beogh against you.
Beogh smites you!
Unknown command.
You shoot an arrow.
The arrow hits the orc priest but does no damage.
The orc priest is severely wounded.
A fire bat comes into view.
The orc priest completely misses you.
A skeletal bat comes into view.
The fire bat moves out of view.
You shoot an arrow. The arrow hits the orc priest.
The orc priest is severely wounded.
The orc priest invokes the aid of Beogh against you.
Beogh smites you!
* * * LOW HITPOINT WARNING * * *
The orc priest invokes the aid of Beogh against you.
Pain shoots through your body!
You die...

######.# #.....
#.#...###.....
#.....[##.....
#..........##.
##...>........ #
##......#... #.Z
#####......## ..
#lZ###†..#......#
# #oo@.##......##
###†.###......#
#.#.##.....##
.##.##.....# .#
###.....# .#
#......# ##
#.....## ##...##
#####


You could see a ghost-faced bat, an iguana, an orc priest, an orc and a skeletal
bat.

Vanquished Creatures
  Pargi (Sewer)
  An orc priest (D:5)
  A gnoll bouda (D:5)
  2 iguanas (D:5)
  4 gnolls (D:5)
  12 adders
  An ufetubus (D:4)
  2 worms
  2 dart slugs (D:1)
  3 orcs (D:5)
  11 ball pythons
  9 endoplasms
  3 giant cockroaches
  4 goblins
  4 hobgoblins
  3 jackals (D:1)
  10 kobolds
  4 quokkas
  14 bats
  A frilled lizard (D:2)
  5 rats (D:2)
97 creatures vanquished.

Notes
Turn   | Place    | Note
-------+----------+-------------------------------------------
     0 | D:1      | ReploidZero the Tengu Hunter began the quest for the Orb.
     0 | D:1      | Reached XP level 1. HP: 12/12 MP: 2/2
    49 | D:1      | Reached XP level 2. HP: 15/17 MP: 3/3
   395 | D:1      | Reached XP level 3. HP: 22/22 MP: 4/4
  1149 | D:2      | Reached XP level 4. HP: 19/27 MP: 5/5
  1578 | D:3      | Found a basalt altar of Yredelemnul.
  1607 | D:3      | Found a broken altar of Ashenzari.
  1672 | D:3      | Reached skill level 5 in Ranged Weapons
  1753 | D:3      | Found a shadowy altar of Dithmenos.
  2329 | D:3      | Learned a level 2 spell: Blink
  2408 | D:4      | Gained mutation: Your magical nature lets you fly swiftly
                  | and evasively. [Tengu growth]
  2408 | D:4      | Reached XP level 5. HP: 32/32 MP: 6/6
  2482 | D:4      | Found a glowing drain.
  2494 | Sewer    | Entered a sewer
  2510 | Sewer    | Noticed Pargi
  2534 | Sewer    | Killed Pargi
  2535 | Sewer    | Reached XP level 6. HP: 22/37 MP: 7/7
  3160 | D:5      | Entered Level 5 of the Dungeon
  3303 | D:5      | Found an ancient bone altar of Kikubaaqudgha.
  3306 | D:5      | Found a hazy altar of Hepliaklqana.
  3309 | D:5      | Found a stormy altar of Qazlal.
  3453 | D:5      | Noticed Duvessa
  3454 | D:5      | Noticed Dowan
  3555 | D:5      | Noticed an ice beast
  3663 | D:5      | Found a sacrificial altar of Ru.
  3674 | D:5      | Reached skill level 6 in Ranged Weapons
  3676 | D:5      | Found an ancient bone altar of Kikubaaqudgha.
  3676 | D:5      | Found a radiant altar of Vehumet.
  3678 | D:5      | Found a radiant altar of Vehumet.
  3678 | D:5      | Found a basalt altar of Yredelemnul.
  3678 | D:5      | Found a shimmering altar of Xom.
  3766 | D:5      | Reached XP level 7. HP: 43/43 MP: 8/8
  3838 | D:5      | Killed from afar by an orc priest

Illustrated notes

Levels and vault maps discovered:
D:1:      dpeg_arrival_long_road, layout_basic, minmay_tripent
D:2:      layout_loops_ring, serial_forest, infiniplex_forest_lined_4_way,
          infiniplex_forest_lined_2, infiniplex_forest_end_2,
          infiniplex_forest_corner_1, infiniplex_forest_lined_corner,
          infiniplex_forest_zigzag_2, infiniplex_forest_clump_medium
D:3:      layout_loops_ring, yredelemnul_altar_generic, ashenzari_altar_1,
          amcnicky_altar_gilded, palyth_stone_intersect
D:4:      layout_gridville, cheibrodos_sewer_entry_sluice, st_stairs_3
D:5:      layout_cave_pools, grunt_temple_overflow_diamond, doesnt_xom_only_xom,
          solitary_fountain, grunt_decor_arrowhead, goddamned_bats, uniq_duvessa

Skill      XL: |  1  2  3  4  5  6 |
---------------+-------------------+-----
Stealth        | 2 |  2.5
Dodging        | 3 4 |  4.9
Ranged Weapons | 5 6 |  6.2
Fighting       | 3 4 |  4.4

Action                   |  1- 3 |  4- 6 |  7- 9 || total
-------------------------+-------+-------+-------++-------
 Fire: Shortbow          |    74 |   201 |    33 ||   308
  Use: Scroll            |       |     3 |       ||     3
Armor: Leather armour    |     1 |    35 |    15 ||    51
Dodge: Dodged            |    15 |    88 |    51 ||   154

Table legend: (Time is in decaauts)
 A = Elapsed time spent in this place.
 B = Non-inter-level travel time spent in this place.
 C = Inter-level travel time spent in this place.
 D = Time resting spent in this place.
 E = Time spent auto-exploring this place.
 F = Levels seen in this place.
 G = Mean time per level.
                   A        B        C        D        E       F      G
               +--------+--------+--------+--------+--------+-----+--------+
         Total |   3837 |   3699 |    138 |      0 |   3013 |   6 |  639.5 |
       Dungeon |   3621 |   3483 |    138 |      0 |   2874 |   5 |  724.2 |
         Sewer |    216 |    216 |      0 |      0 |    138 |   1 |  216.0 |
               +--------+--------+--------+--------+--------+-----+--------+

Top non-repeatable levels by time:
     D:1: 811 daAuts
     D:3: 810 daAuts
     D:2: 779 daAuts
     D:5: 660 daAuts
     D:4: 559 daAuts
   Sewer: 216 daAuts
